 Dungeon Crawl Stone Soup version 0.29-a0-284-gf9362112df (webtiles) character file.

Game seed: 12158743099264242522

179 rabbitsville the Magician (level 5, -1/41 HPs)
             Began as a Gnoll Wanderer on Mar 20, 2022.
             Slain by an iguana (6 damage)
             ... on level 5 of the Dungeon.
             The game lasted 00:11:55 (3889 turns).

rabbitsville the Magician (Gnoll Wanderer)          Turns: 3889, Time: 00:11:56

Health: -1/41      AC:  3    Str: 12    XL:     5   Next: 59%
Magic:  10/14      EV: 11    Int: 16    God:
Gold:   179        SH:  0    Dex:  8    Spells: 17/18 levels left

rFire   . . .      SeeInvis .   m - +2 short sword (speed)
rCold   . . .      Faith    .   (no shield)
rNeg    . . .      Spirit   .   e - +0 robe
rPois   .          Reflect  .   (no helmet)
rElec   .          Harm     .   (no cloak)
rCorr   .          Rampage  .   (no gloves)
Will    .....                   n - +0 pair of boots
Stlth   +.........              (no amulet)
HPRegen 0.13/turn               (no ring)
MPRegen 0.14/turn               (no ring)

@: no status effects
A: fangs 1, strong nose, distributed training
a: no special abilities


You were on level 5 of the Dungeon.
You visited 1 branch of the dungeon, and saw 5 of its levels.

You collected 179 gold pieces.

Inventory:

Hand Weapons
 a - a +0 hand axe
 m - a +2 short sword of speed (weapon)
Missiles
 g - 2 poisoned darts
 s - a throwing net
Armour
 e - a +0 robe (worn)
 n - a +0 pair of boots (worn)
Scrolls
 b - 2 scrolls of amnesia {unknown}
 d - 6 scrolls of identify {unknown}
 f - 2 scrolls of holy word {unknown}
 i - a scroll of teleportation {unknown}
 k - 3 scrolls of enchant armour {unknown}
 l - a scroll of acquirement {unknown}
 q - 2 scrolls of blinking {unknown}
 r - a scroll of magic mapping {unknown}
Potions
 c - 4 potions of berserk rage {unknown}
 h - 2 potions of flight {unknown}
 j - a potion of degeneration {unknown}
 o - 2 potions of curing
 p - a potion of heal wounds {unknown}


   Skills:
 + Level 3.0 Fighting
 + Level 1.5 Short Blades
 + Level 1.5 Long Blades
 + Level 4.8 Axes
 + Level 1.5 Maces & Flails
 + Level 1.5 Polearms
 + Level 1.5 Staves
 + Level 1.5 Slings
 + Level 1.5 Bows
 + Level 1.5 Crossbows
 + Level 1.5 Throwing
 + Level 6.7 Armour
 + Level 1.5 Dodging
 + Level 1.5 Stealth
 + Level 1.5 Shields
 + Level 1.5 Unarmed Combat
 + Level 7.3 Spellcasting
 + Level 1.2 Conjurations
 + Level 1.2 Hexes
 + Level 1.2 Summonings
 + Level 1.2 Necromancy
 + Level 1.2 Translocations
 + Level 1.2 Transmutations
 + Level 1.2 Fire Magic
 + Level 1.2 Ice Magic
 + Level 1.2 Air Magic
 + Level 1.2 Earth Magic
 + Level 1.2 Poison Magic
 + Level 1.7 Invocations
 + Level 1.5 Evocations


You had 17 spell levels left.
You knew the following spells:

 Your Spells              Type           Power      Damage    Failure   Level
a - Magic Dart            Conj           36%        1d4       8%          1

Your spell library contained the following spells:

 Spells                   Type           Power      Damage    Failure   Level
 Blink                    Tloc           18%        N/A       11%         2
 Mephitic Cloud           Conj/Pois/Air  9%         N/A       22%         3
 Portal Projectile        Hex/Tloc       18%        N/A       22%         3


Dungeon Overview and Level Annotations

Branches:
Dungeon (4/15)
 Temple: D:4-7

Altars:

Annotations:
D:3 Sigmund


Innate Abilities, Weirdness & Mutations

You have very sharp teeth.
Your uncanny sense of smell can sniff out nearby items.
Your experience applies equally to all skills.


Message History

Aiming: Magic Dart (safe; 8% risk of failure)
Press: ? - help, Q - select action, (/) - cycle Shift-Dir - straight line, f/p - gnoll
Aim: a gnoll, wielding a +0 halberd (almost dead, 100% to hit)
The magic dart hits the gnoll.
You kill the gnoll!
A gnoll comes into view. It is wielding a +0 flail.
The gnoll moves out of view.
Aiming: Magic Dart (safe; 8% risk of failure)
Press: ? - help, Q - select action, (/) - cycle Shift-Dir - straight line, f - gnoll
Aim: a gnoll, wielding a +0 whip (100% to hit)
The magic dart hits the gnoll.
The gnoll is lightly wounded.
A gnoll comes into view. It is wielding a +0 spear.
The gnoll shaman calls upon its god to heal the gnoll.
The gnoll's wounds heal themselves!
The gnoll shouts!
The gnoll attacks as you move away! The gnoll closely misses you.
The gnoll attacks as you move away!
The gnoll hits you with a +0 whip. 2 gnolls come into view.
The gnoll shouts!
You hear a shout!
The gnoll attacks as you move away! The gnoll hits you with a +0 whip.
The gnoll attacks as you move away! The gnoll hits you with a +0 whip.
Found a stone staircase leading down.
The gnoll attacks as you move away! The gnoll hits you with a +0 whip.
The gnoll attacks as you move away! The gnoll misses you.
An iguana comes into view.
The iguana hisses angrily.
The gnoll attacks as you move away! The gnoll misses you.
Found a stone staircase leading down.
The gnoll attacks as you move away! The gnoll closely misses you.
The iguana bites you! The gnoll attacks as you move away!
The gnoll hits you but does no damage. The gnoll attacks as you move away!
The gnoll hits you with a +0 whip.
* * * LOW HITPOINT WARNING * * *
The iguana bites you.
* * * LOW HITPOINT WARNING * * *
The iguana attacks as you move away! The iguana bites you.
* * * LOW HITPOINT WARNING * * *
The iguana attacks as you move away! The iguana bites you.
You die...

##..#.....g.# .. #..
##..#.###...# # ...#..
#...#.####..#.# ...#..
#....g..#....##
......#####......#.....#
.......#.#.........##...
..........>.......# ###
##.##.......g.......#
.......@l...g.##.#.....
.....>..g....##..##....g
..........#.###... .....
.........##.# ...#......
...##.....#.##..###.....
.# ##....... ....###.
.....# ..


You could see a gnoll shaman, an iguana and 3 gnolls.

Vanquished Creatures
  A hound (D:4)
  An iguana (D:2)
  A gnoll (D:5)
  5 adders
  A worm (D:3)
  3 dart slugs
  5 endoplasms
  2 giant cockroaches (D:1)
  5 goblins
  5 hobgoblins
  4 jackals
  8 kobolds
  3 quokkas
  5 ball pythons
  3 bats
  3 frilled lizards
  5 rats
60 creatures vanquished.

Notes
Turn   | Place    | Note
-------+----------+-------------------------------------------
     0 | D:1      | rabbitsville the Gnoll Wanderer began the quest for the
                  | Orb.
     0 | D:1      | rabbitsville set off with the following items: a +0 hand
                  | axe, a +0 scale mail, a potion of curing; and the following
                  | spell memorised: Magic Dart; and the following spells
                  | available to memorise: Blink, Mephitic Cloud, Portal
                  | Projectile
     0 | D:1      | Reached XP level 1. HP: 17/17 MP: 8/8
   233 | D:1      | Found a faded altar of an unknown god.
   298 | D:1      | Reached XP level 2. HP: 13/23 MP: 10/10
  1190 | D:2      | Reached XP level 3. HP: 23/28 MP: 11/11
  1549 | D:2      | Reached skill level 1 in Invocations
  2051 | D:2      | Reached skill level 1 in Short Blades
  2051 | D:2      | Reached skill level 1 in Long Blades
  2051 | D:2      | Reached skill level 1 in Maces & Flails
  2051 | D:2      | Reached skill level 1 in Polearms
  2051 | D:2      | Reached skill level 1 in Staves
  2051 | D:2      | Reached skill level 1 in Slings
  2051 | D:2      | Reached skill level 1 in Bows
  2051 | D:2      | Reached skill level 1 in Crossbows
  2051 | D:2      | Reached skill level 1 in Throwing
  2051 | D:2      | Reached skill level 1 in Dodging
  2051 | D:2      | Reached skill level 1 in Stealth
  2051 | D:2      | Reached skill level 1 in Shields
  2051 | D:2      | Reached skill level 1 in Unarmed Combat
  2051 | D:2      | Reached skill level 1 in Evocations
  2111 | D:2      | Reached XP level 4. HP: 20/34 MP: 9/13
  2664 | D:3      | Reached skill level 1 in Conjurations
  2664 | D:3      | Reached skill level 1 in Hexes
  2664 | D:3      | Reached skill level 1 in Summonings
  2664 | D:3      | Reached skill level 1 in Necromancy
  2664 | D:3      | Reached skill level 1 in Translocations
  2664 | D:3      | Reached skill level 1 in Transmutations
  2664 | D:3      | Reached skill level 1 in Fire Magic
  2664 | D:3      | Reached skill level 1 in Ice Magic
  2664 | D:3      | Reached skill level 1 in Air Magic
  2664 | D:3      | Reached skill level 1 in Earth Magic
  2664 | D:3      | Reached skill level 1 in Poison Magic
  2937 | D:3      | Noticed Sigmund
  3182 | D:3      | Reached XP level 5. HP: 35/40 MP: 7/14
  3695 | D:4      | You fall into a shaft and drop 1 floor!
  3695 | D:5      | Entered Level 5 of the Dungeon
  3889 | D:5      | Slain by an iguana

Illustrated notes

Levels and vault maps discovered:
D:1:      lightli_arrival_farm, layout_rooms,
          shapermc_ecumenical_altar_totnotflames
D:2:      layout_basic
D:3:      layout_rooms, uniq_crazy_yiuf_cottage, uniq_sigmund
D:4:      layout_loops_corners, minmay_temple_entry_hall, uniq_duvessa
D:5:      layout_cave_pools, mainiacjoe_overflow_alcove_4,
          grunt_decor_arrowhead, grunt_decor_resistance, uniq_edmund

Skill      XL: |  1  2  3  4  5 |
---------------+----------------+-----
Invocations    | 1 |  1.7
Short Blades   | 1 |  1.5
Long Blades    | 1 |  1.5
Maces & Flails | 1 |  1.5
Polearms       | 1 |  1.5
Staves         | 1 |  1.5
Slings         | 1 |  1.5
Bows           | 1 |  1.5
Crossbows      | 1 |  1.5
Throwing       | 1 |  1.5
Dodging        | 1 |  1.5
Stealth        | 1 |  1.5
Shields        | 1 |  1.5
Unarmed Combat | 1 |  1.5
Evocations     | 1 |  1.5
Conjurations   | 1 |  1.2
Hexes          | 1 |  1.2
Summonings     | 1 |  1.2
Necromancy     | 1 |  1.2
Translocations | 1 |  1.2
Transmutations | 1 |  1.2
Fire Magic     | 1 |  1.2
Ice Magic      | 1 |  1.2
Air Magic      | 1 |  1.2
Earth Magic    | 1 |  1.2
Poison Magic   | 1 |  1.2
Fighting       | 3 |  3.0
Axes           | |  4.8
Armour         | |  6.7
Spellcasting   | |  7.3

Action                   |  1- 3 |  4- 6 || total
-------------------------+-------+-------++-------
Melee: Hand axe          |   114 |       ||   114
       Punch             |     2 |     1 ||     3
       Bite              |    10 |     4 ||    14
       Short sword       |    24 |    48 ||    72
 Cast: Magic Dart        |    21 |    70 ||    91
  Use: Potion            |     1 |       ||     1
 Stab: Sleeping          |     1 |       ||     1
Armor: Scale mail        |    34 |       ||    34
       Robe              |    17 |     8 ||    25
Dodge: Dodged            |   123 |    26 ||   149

Table legend: (Time is in decaauts)
 A = Elapsed time spent in this place.
 B = Non-inter-level travel time spent in this place.
 C = Inter-level travel time spent in this place.
 D = Time resting spent in this place.
 E = Time spent auto-exploring this place.
 F = Levels seen in this place.
 G = Mean time per level.
                   A        B        C        D        E       F      G
               +--------+--------+--------+--------+--------+-----+--------+
         Total |   3908 |   3813 |     95 |   1445 |   1315 |   5 |  781.6 |
       Dungeon |   3908 |   3813 |     95 |   1445 |   1315 |   5 |  781.6 |
               +--------+--------+--------+--------+--------+-----+--------+

Top non-repeatable levels by time:
     D:2: 1577 daAuts
     D:1: 1068 daAuts
     D:3: 861 daAuts
     D:4: 207 daAuts
     D:5: 193 daAuts
